[Event "Titled Tuesday Blitz March 21 Early 2023"]
[White "Seo, Jung Min"]
[Black "Andreikin, Dmitry"]
[WhiteFideId "1734687"]
[BlackFideId "4158814"]
[WhiteElo "2468"]
[BlackElo "2736"]
[Result "1/2-1/2"]
[Round "09"]
[TimeControl "180+2"]
[Date "2023.03.21"]
[WhiteClock "0:00:09"]
[BlackClock "0:00:03"]

1. d4 Nf6 2. c4 e6 3. Nf3 d5 4. Nc3 c6 5. e3 Nbd7 6. Qc2 Bd6 7. b3 O-O 8. Be2 dxc4 9. bxc4 e5 10. O-O Re8 11. Bb2 Qe7 12. Rae1 e4 13. Nd2 Nf8 14. c5 Bc7 15. Nc4 Ng6 16. Ba3 Bg4 17. Nd6 Bxe2 18. Qxe2 b5 19. Nxe8 Rxe8 20. f3 Ba5 21. Bb2 Bxc3 22. Bxc3 Nd5 23. Bd2 Qe6 24. a4 a6 25. Ra1 Nge7 26. axb5 axb5 27. Ra6 h6 28. fxe4 Qxe4 29. Qf3 Nf6 30. Be1 Qd3 31. Bh4 Ned5 32. Bxf6 Nxf6 33. Rxc6 b4 34. Rb6 b3 35. h3 Qc3 36. Kh1 Qc4 37. Rb1 Ne4 38. R6xb3 Nd2 39. Qd1 Nxb1 40. Qxb1 g5 41. Rb8 Rxb8 42. Qxb8+ Kg7 43. Qe5+ f6 44. Qe7+ Kg6 45. Qe4+ Kg7 46. Kh2 h5 47. c6 Kf8 48. Qg6 Qxc6 49. Qxh5 Qc7+ 50. Kg1 Qc1+ 51. Kf2 Kg7 52. Qe2 Qc3 53. Qd1 Qb2+ 54. Kg1 Kf7 55. d5 Ke7 56. Qd4 Qb1+ 57. Kf2 Qf5+ 58. Ke2 Qc2+ 59. Kf3 Qf5+ 60. Kg3 Qf1 61. d6+ Kd7 62. Qd5 Qe1+ 63. Kf3 Qf1+ 64. Kg4 Qe2+ 65. Kf5 Qf2+ 66. Kg6 Qxe3 67. Kxf6 g4 68. Qf5+ Kxd6 69. Qxg4 Qe5+ 70. Kg6 Qe8+ 71. Kg5 Qe7+ 72. Kh5 Qh7+ 73. Kg5 Qe7+ 74. Kf4 Qe5+ 75. Kf3 Qc3+ 76. Kf2 Qc5+ 77. Kg3 Qe3+ 78. Qf3 Qe1+ 79. Kh2 Ke7 80. Qg3 Qc1 81. h4 Kf7 82. Qf3+ Kg7 83. Kh3 Kh8 84. g3 Qb1 85. Qf6+ Kg8 86. Kg4 Qe4+ 87. Qf4 Qg6+ 88. Kf3 Kh8 89. Qe4 Qf7+ 90. Qf4 Qg6 91. Qe5+ Kg8 92. Qg5 Kh8 93. Kg4 Qe4+ 94. Qf4 Qg6+ 95. Kh3 Qe6+ 96. g4 Qb3+ 97. Kg2 Qd5+ 98. Kg3 Qd3+ 99. Qf3 Qd6+ 100. Kh3 Qd2 101. h5 Kg8 102. Qf5 Qe1 103. g5 Qh1+ 104. Kg4 Qg2+ 105. Kf4 Qf2+ 106. Ke5 Qc5+ 107. Kf6 Qf8+ 108. Ke6 Qc8+ 109. Ke5 Qc5+ 110. Kf4 Qf2+ 111. Ke4 Qc2+ 112. Ke5 Qc5+ 1/2-1/2


[Site "https://www.chess.com"]

[Event "Titled Tuesday Blitz March 21 Early 2023"]
[White "Svane, Rasmus"]
[Black "Mekhitarian, Krikor Sevag"]
[WhiteFideId "4657101"]
[BlackFideId "2107660"]
[WhiteElo "2597"]
[BlackElo "2604"]
[Result "1-0"]
[Round "09"]
[TimeControl "180+2"]
[Date "2023.03.21"]
[WhiteClock "0:00:08"]
[BlackClock "0:00:02"]

1. Nf3 d5 2. g3 g6 3. Bg2 Bg7 4. d4 Nf6 5. O-O O-O 6. c4 dxc4 7. Na3 Nc6 8. Nxc4 Be6 9. b3 a5 10. a4 Bd5 11. e3 e6 12. Ba3 Re8 13. Qe2 Bf8 14. Bb2 Nb4 15. Rac1 b6 16. Rfd1 Qb8 17. Nfe5 Bxg2 18. Kxg2 Qb7+ 19. Qf3 Qxf3+ 20. Kxf3 Red8 21. Bc3 Nfd5 22. Be1 f6 23. Nd3 Nxd3 24. Rxd3 Kf7 25. Rdd1 Rd7 26. Rc2 Rad8 27. Rdc1 Bb4 28. Bxb4 Nxb4 29. Re2 e5 30. dxe5 Nd3 31. Rc3 fxe5 32. Nd2 Nb4 33. Ne4 c5 34. Re1 h6 35. h4 Ke6 36. g4 Rd1 37. Rxd1 Rxd1 38. Ng3 Rd2 39. h5 gxh5 40. Nxh5 Nd3 41. Ng7+ Kf6 42. Ne8+ Ke7 43. Ng7 Nxf2 44. Nf5+ Kf6 45. Nxh6 Nd3 46. Nf5 Nb4 47. Ng3 Rd8 48. Ne4+ Ke6 49. Rc1 Rf8+ 50. Ke2 Rg8 51. g5 Kf5 52. Kf3 Rf8 53. Rg1 Ke6+ 54. Ke2 Rg8 55. g6 Kf5 56. Nd6+ Ke6 57. Nc4 Nd5 58. g7 Kf7 59. Rd1 Ke6 60. Rg1 Kf7 61. Nxe5+ Kf6 62. Nc4 Rxg7 63. Rxg7 Kxg7 64. e4 Nc3+ 65. Kd3 1-0


[Site "https://www.chess.com"]

[Event "Titled Tuesday Blitz March 21 Early 2023"]
[White "Van Foreest, Jorden"]
[Black "Gukesh D"]
[WhiteFideId "1039784"]
[BlackFideId "46616543"]
[WhiteElo "2633"]
[BlackElo "2612"]
[Result "0-1"]
[Round "09"]
[TimeControl "180+2"]
[Date "2023.03.21"]
[WhiteClock "0:00:52"]
[BlackClock "0:00:57"]

1. e4 c6 2. d4 d5 3. e5 Bf5 4. Ne2 e6 5. Ng3 Bg6 6. h4 h6 7. h5 Bh7 8. Bd3 Bxd3 9. cxd3 c5 10. dxc5 Bxc5 11. Qg4 Kf8 12. d4 Bb6 13. Nc3 Nc6 14. Be3 Nge7 15. O-O Kg8 16. Rad1 Qd7 17. Nce2 Kh7 18. a3 a5 19. Rd3 a4 20. Bc1 Rhf8 21. Rfd1 f5 22. Qf3 Rac8 23. Nf4 Bxd4 24. Ng6 Nxg6 25. hxg6+ Kxg6 26. Qf4 Bxe5 27. Qxa4 Kh7 28. Nf1 Bf6 29. b4 Ne5 30. R3d2 Qxa4 0-1


[Site "https://www.chess.com"]

[Event "Titled Tuesday Blitz March 21 Early 2023"]
[White "Zakhartsov, Vladimir"]
[Black "Bok, Benjamin"]
[WhiteFideId "4145097"]
[BlackFideId "1017063"]
[WhiteElo "2521"]
[BlackElo "2658"]
[Result "0-1"]
[Round "09"]
[TimeControl "180+2"]
[Date "2023.03.21"]
[WhiteClock "0:00:32"]
[BlackClock "0:00:17"]

1. d4 Nf6 2. c4 e6 3. Nf3 d5 4. Nc3 c6 5. g3 dxc4 6. Bg2 Nbd7 7. O-O b5 8. e4 Bb7 9. e5 Nd5 10. Ne4 h6 11. h4 c5 12. a4 a6 13. Nd6+ Bxd6 14. exd6 O-O 15. Ne5 cxd4 16. Qxd4 Nxe5 17. Qxe5 Qd7 18. Be3 f6 19. Qh5 Nxe3 20. Bxb7 Qxb7 21. fxe3 Qb6 22. Rad1 Rad8 23. d7 Qc6 24. axb5 axb5 25. Rd4 Rxd7 26. Rg4 f5 27. Rg6 Rd2 28. Rf2 Rxf2 29. Kxf2 Kh7 30. Rg5 Qe8 31. Rxg7+ Kxg7 32. Qf3 Qf7 33. Qf4 Qf6 34. Kf3 e5 0-1


[Site "https://www.chess.com"]

[Event "Titled Tuesday Blitz March 21 Early 2023"]
[White "Grigoriants, Sergey"]
[Black "Flores, Diego"]
[WhiteFideId "4130804"]
[BlackFideId "108049"]
[WhiteElo "2502"]
[BlackElo "2606"]
[Result "1-0"]
[Round "09"]
[TimeControl "180+2"]
[Date "2023.03.21"]
[WhiteClock "0:00:10"]
[BlackClock "0:00:20"]

1. d4 Nf6 2. c4 e6 3. Nf3 c5 4. d5 exd5 5. cxd5 d6 6. Nc3 g6 7. h3 Bg7 8. Bf4 O-O 9. e3 Na6 10. Be2 Nc7 11. a4 Re8 12. O-O b6 13. Bc4 a6 14. Re1 Rb8 15. Qd3 b5 16. axb5 axb5 17. Nxb5 Bf5 18. Qf1 Ne4 19. Ra7 Nxb5 20. Bxb5 Re7 21. Rxe7 Qxe7 22. b3 g5 23. Bh2 g4 24. hxg4 Bxg4 25. Bd3 Bxf3 26. gxf3 Ng5 27. Qg2 Rxb3 28. Bf1 h5 29. Bf4 Nh7 30. Qh3 Nf6 31. Qc8+ Qf8 32. Qf5 Qe7 33. Bg5 Qd7 34. Qxd7 Nxd7 35. Be7 Bf8 36. Bh4 Ne5 37. Be2 Rb2 38. Kg2 c4 39. f4 Nd3 40. Bxd3 cxd3 41. Rd1 Rb3 42. Bf6 Bg7 43. Bxg7 Kxg7 44. Kf3 f5 45. Rd2 h4 46. Kg2 Kg6 47. Kh3 Kh5 48. Rd1 Ra3 49. Rd2 Ra1 50. Rxd3 Rh1+ 51. Kg2 Rc1 52. Ra3 Rd1 53. Ra8 Rxd5 54. Rg8 Rd2 55. Rg5+ Kh6 56. Rxf5 h3+ 57. Kxh3 Rxf2 58. Kg3 Rd2 59. Kf3 Kg6 60. e4 Rd3+ 61. Ke2 Rd4 62. Ke3 Rd1 63. Rd5 Rxd5 64. exd5 Kh5 65. Kd4 Kh4 66. Ke4 Kg4 67. Ke3 Kh4 68. Kf3 Kh5 69. Kg3 Kh6 70. Kh4 Kg6 71. Kg4 Kf6 72. f5 Ke5 73. Kg5 Kxd5 74. f6 Ke6 75. Kg6 d5 76. f7 d4 77. f8=Q 1-0


[Site "https://www.chess.com"]

[Event "Titled Tuesday Blitz March 21 Early 2023"]
[White "Chigaev, Maksim"]
[Black "Yuan, Qingyu"]
[WhiteFideId "4108116"]
[BlackFideId "8609772"]
[WhiteElo "2547"]
[BlackElo "2359"]
[Result "1-0"]
[Round "09"]
[TimeControl "180+2"]
[Date "2023.03.21"]
[WhiteClock "0:00:07"]
[BlackClock "0:00:01"]

1. e4 e5 2. Nf3 Nc6 3. Bb5 Nf6 4. d3 Bc5 5. c3 d5 6. exd5 Qxd5 7. Bc4 Qd6 8. Nbd2 Bf5 9. b4 Bb6 10. Ng5 O-O 11. Nde4 Bxe4 12. Nxe4 Nxe4 13. dxe4 Qxd1+ 14. Kxd1 Bxf2 15. Rf1 Bh4 16. Kc2 Nd8 17. a4 a5 18. b5 Be7 19. Be3 Ne6 20. Rad1 Rad8 21. Rxd8 Rxd8 22. b6 c6 23. g3 Rd7 24. h4 g6 25. h5 Kg7 26. h6+ Kg8 27. Kb3 Rd6 28. Bxe6 Rxe6 29. Kc4 Rd6 30. Bc5 Re6 31. Bxe7 Rxe7 32. Rd1 Kf8 33. g4 f6 34. Rd6 Kf7 35. Kc5 g5 36. Rd8 Kg6 37. Ra8 Kxh6 38. Rxa5 Kg6 39. Ra7 h5 40. gxh5+ Kxh5 41. a5 g4 42. a6 g3 43. axb7 g2 44. b8=Q g1=Q+ 45. Kd6 Rg7 46. Qh8+ Kg4 47. Rxg7+ 1-0


[Site "https://www.chess.com"]

[Event "Titled Tuesday Blitz March 21 Early 2023"]
[White "Vogel, Roven"]
[Black "Kosteniuk, Alexandra"]
[WhiteFideId "12908088"]
[BlackFideId "4128125"]
[WhiteElo "2518"]
[BlackElo "2453"]
[Result "1-0"]
[Round "09"]
[TimeControl "180+2"]
[Date "2023.03.21"]
[WhiteClock "0:01:38"]
[BlackClock "0:00:15"]

1. d4 f5 2. g3 Nf6 3. Bg2 g6 4. c3 Bg7 5. Qb3 Nc6 6. h4 e6 7. Nh3 d5 8. Nf4 Bf8 9. Nd2 Bd6 10. Nf3 Ne4 11. c4 Na5 12. Qa4+ c6 13. c5 Bc7 14. Nd3 b5 15. Qc2 Bd7 16. b3 Qe7 17. Bf4 Bd8 18. Nfe5 Nb7 19. f3 Nf6 20. Bg5 Qg7 21. Bd2 Nh5 22. g4 fxg4 23. fxg4 Ng3 24. Rh3 Ne4 25. Bxe4 dxe4 26. Nf2 Bf6 27. Bf4 O-O-O 28. Nxe4 Be7 29. a4 Rhf8 30. Bh2 b4 31. a5 Rde8 32. Qc4 Qh6 33. g5 Qh5 34. Qa6 h6 35. Qxa7 1-0


[Site "https://www.chess.com"]

[Event "Titled Tuesday Blitz March 21 Early 2023"]
[White "Carlsen, Magnus"]
[Black "Movahed, Sina"]
[WhiteFideId "1503014"]
[BlackFideId "42520835"]
[WhiteElo "2852"]
[BlackElo "2225"]
[Result "1-0"]
[Round "09"]
[TimeControl "180+2"]
[Date "2023.03.21"]
[WhiteClock "0:00:13"]
[BlackClock "0:00:12"]

1. e4 c5 2. Nf3 d6 3. d4 cxd4 4. Nxd4 Nf6 5. Nc3 a6 6. Qf3 e6 7. Qg3 b5 8. a3 Bb7 9. f3 Nbd7 10. Be3 Rc8 11. Be2 h5 12. O-O h4 13. Qf2 h3 14. g3 Be7 15. Rfd1 Ne5 16. Nb3 Qc7 17. Bb6 Qb8 18. Ba7 Qc7 19. Bb6 Qb8 20. Na5 Ba8 21. Bd4 Qc7 22. Nb3 g5 23. Rd2 g4 24. f4 Nc4 25. Bxc4 bxc4 26. Bxf6 Bxf6 27. Nd4 Qb7 28. Rb1 Rh5 29. Kf1 Qb6 30. Qe3 e5 31. fxe5 dxe5 32. Nd5 exd4 33. Qe2 Bxd5 34. exd5+ Re5 35. Qxg4 Kf8 36. Qxc8+ Re8 37. Qxc4 Bg5 38. Qxd4 Qg6 39. Qh8+ Qg8 40. Qxg8+ Kxg8 41. Re2 Rd8 42. Rd1 Kg7 43. c4 Kg6 44. c5 f5 45. d6 f4 46. c6 Rf8 47. gxf4 Rxf4+ 48. Rf2 Rc4 49. c7 Bh4 50. Rf3 1-0


[Site "https://www.chess.com"]

[Event "Titled Tuesday Blitz March 21 Early 2023"]
[White "Gharibyan, Mamikon"]
[Black "Erigaisi Arjun"]
[WhiteFideId "13308300"]
[BlackFideId "35009192"]
[WhiteElo "2445"]
[BlackElo "2737"]
[Result "0-1"]
[Round "09"]
[TimeControl "180+2"]
[Date "2023.03.21"]
[WhiteClock "0:00:05"]
[BlackClock "0:00:58"]

1. Nf3 d6 2. g3 e5 3. Bg2 Be7 4. O-O h5 5. Nc3 h4 6. d4 Nd7 7. dxe5 dxe5 8. Nd5 h3 9. Bh1 Ngf6 10. c4 c6 11. Nxe7 Qxe7 12. Qc2 e4 13. Ng5 Nc5 14. b4 Ne6 15. Nxe4 Nd4 16. Qd3 Bf5 17. Nxf6+ Qxf6 18. e4 Bg4 19. f3 Be6 20. Bf4 O-O-O 21. c5 Nb3 22. e5 Qe7 23. Qe2 Nxa1 24. Rxa1 Qd7 25. Bg5 Qd4+ 0-1


[Site "https://www.chess.com"]

[Event "Titled Tuesday Blitz March 21 Early 2023"]
[White "Drygalov, Andrey"]
[Black "Bluebaum, Matthias"]
[WhiteFideId "24171735"]
[BlackFideId "24651516"]
[WhiteElo "2471"]
[BlackElo "2638"]
[Result "0-1"]
[Round "09"]
[TimeControl "180+2"]
[Date "2023.03.21"]
[WhiteClock "0:00:07"]
[BlackClock "0:00:13"]

1. e4 e6 2. d4 d5 3. Nd2 c5 4. exd5 Qxd5 5. Ngf3 cxd4 6. Bc4 Qd6 7. O-O Nf6 8. Nb3 Nc6 9. Nbxd4 Nxd4 10. Nxd4 Be7 11. c3 O-O 12. Bb3 e5 13. Nf3 Qc7 14. h3 e4 15. Nd4 Qe5 16. f4 exf3 17. Qxf3 Bd6 18. Bf4 Qxf4 19. Qxf4 Bxf4 20. Rxf4 Bd7 21. g4 h6 22. Raf1 a5 23. a3 a4 24. Ba2 Rae8 25. Kg2 Re7 26. Bc4 Rc8 27. Ba2 Rce8 28. R1f2 Re1 29. Rf1 Rxf1 30. Rxf1 Re5 31. Rf2 Kf8 32. Re2 Bc6+ 33. Kf1 Rxe2 34. Nxe2 Ne4 35. Nd4 Bd7 36. Bd5 Nc5 37. Ke2 Ke7 38. Ke3 g6 39. Ne2 f5 40. gxf5 Bxf5 41. h4 Kd6 42. Bf3 Ke5 43. Nd4 Bd7 44. Bg2 g5 45. hxg5 hxg5 46. Nf3+ Kf6 47. Nd2 Bb5 48. c4 Be8 49. Bh3 Bc6 50. Kd4 Ne6+ 51. Ke3 Ke5 52. Bg4 Nd4 53. Kd3 Kf4 54. Bc8 Nf5 55. b4 axb3 56. Nxb3 g4 57. Ke2 Nd6 58. Be6 g3 59. Kf1 Ne4 60. Kg1 Ng5 61. Bc8 Nf3+ 62. Kg2 Nh4+ 63. Kg1 Ke3 64. Na5 Nf3+ 65. Kg2 Kf4 66. Nxc6 bxc6 67. a4 Ne1+ 68. Kg1 g2 69. Bh3 Kg3 70. Bxg2 Nxg2 71. a5 Ne3 72. a6 Nxc4 73. a7 Nb6 74. Kf1 Kf3 75. Ke1 Ke3 76. Kd1 Kd3 77. Kc1 c5 78. Kb2 c4 79. Ka3 c3 80. Kb4 c2 81. Kb5 Na8 82. Kc6 c1=Q+ 83. Kb7 Qh1+ 84. Kb8 Qd5 85. Kc8 Qb5 86. Kd8 Qb7 87. Ke8 Qxa7 88. Kf8 Ke4 89. Kg8 Kf5 90. Kh8 Kf6 91. Kg8 Qg7# 0-1


[Site "https://www.chess.com"]

[Event "Titled Tuesday Blitz March 21 Early 2023"]
[White "Ahmadzada, Ahmad"]
[Black "Shimanov, Aleksandr"]
[WhiteFideId "13413007"]
[BlackFideId "4198603"]
[WhiteElo "2388"]
[BlackElo "2631"]
[Result "0-1"]
[Round "09"]
[TimeControl "180+2"]
[Date "2023.03.21"]
[WhiteClock "0:00:01"]
[BlackClock "0:00:41"]

1. Nf3 d5 2. g3 Nd7 3. Bg2 e5 4. d3 Ngf6 5. O-O c6 6. e4 dxe4 7. dxe4 Bc5 8. Qe2 O-O 9. c3 a5 10. Rd1 b6 11. c4 Qc7 12. Nc3 Re8 13. Nh4 Nf8 14. Nf5 Ne6 15. Na4 Nd4 16. Nxd4 Bxd4 17. Be3 c5 18. Bxd4 exd4 19. b3 Bb7 20. f3 h5 21. Nb2 h4 22. Qf2 Nh5 23. gxh4 f5 24. exf5 Re3 25. Re1 Rae8 26. Rxe3 dxe3 27. Qe1 Nf4 28. Nd1 Qe5 29. Rb1 Qxf5 30. Nxe3 Rxe3 31. Qxe3 Qxb1+ 32. Kf2 Qxa2+ 33. Kg3 Qxg2+ 34. Kxf4 Qxh2+ 35. Kg5 Qg3+ 0-1


[Site "https://www.chess.com"]

[Event "Titled Tuesday Blitz March 21 Early 2023"]
[White "Ozen, Bahadir"]
[Black "Deac, Bogdan-Daniel"]
[WhiteFideId "6337058"]
[BlackFideId "1226380"]
[WhiteElo "2503"]
[BlackElo "2649"]
[Result "0-1"]
[Round "09"]
[TimeControl "180+2"]
[Date "2023.03.21"]
[WhiteClock "0:00:16"]
[BlackClock "0:00:06"]

1. d4 Nf6 2. Nf3 d5 3. c4 e6 4. Nc3 a6 5. cxd5 exd5 6. Bg5 Be6 7. e3 Nbd7 8. Bd3 Bd6 9. O-O c6 10. Qc2 Qb8 11. Bf5 O-O 12. Bh4 Re8 13. Rfe1 Qc7 14. Rab1 Bxf5 15. Qxf5 Ne4 16. Bg3 Ndf6 17. Bxd6 Nxd6 18. Qf4 Nfe4 19. Rbc1 Qd8 20. Ne5 Ng5 21. b3 h5 22. f3 Ne6 23. Qg3 h4 24. Qg4 f5 25. Qg6 f4 26. Rcd1 fxe3 27. Rxe3 Nf4 28. Qg4 Qf6 29. Rde1 h3 30. Nd7 Qxd4 31. Kf2 Rxe3 32. Rxe3 Qd2+ 33. Kg3 Qxe3 34. Nf6+ Kf7 35. Qd7+ Kxf6 36. Qxd6+ Ne6 37. gxh3 Qg1+ 0-1


[Site "https://www.chess.com"]

[Event "Titled Tuesday Blitz March 21 Early 2023"]
[White "Harsha Bharathakoti"]
[Black "Kramnik, Vladimir"]
[WhiteFideId "5078776"]
[BlackFideId "4101588"]
[WhiteElo "2481"]
[BlackElo "2712"]
[Result "1-0"]
[Round "09"]
[TimeControl "180+2"]
[Date "2023.03.21"]
[WhiteClock "0:00:02"]
[BlackClock "0:00:03"]

1. d4 d5 2. c4 c6 3. Nf3 Nf6 4. e3 Bf5 5. Nc3 e6 6. Nh4 Be4 7. f3 Bg6 8. Qb3 Qb6 9. Nxg6 hxg6 10. Bd2 Nbd7 11. O-O-O Qxb3 12. axb3 O-O-O 13. Be2 c5 14. cxd5 exd5 15. h3 a6 16. Be1 cxd4 17. exd4 Bd6 18. Bf2 Nb8 19. g3 g5 20. Rde1 Nc6 21. Kd2 Bc7 22. Bd3 g6 23. Rc1 Kb8 24. Ne2 Ba5+ 25. Kd1 Nb4 26. Bb1 Rhe8 27. Rf1 Re6 28. Be1 Rde8 29. Rf2 Re3 30. Bd2 Rxb3 31. Bxg5 Nd7 32. Bf4+ Ka7 33. Nc3 Nc6 34. Ba2 Rb4 35. Nxd5 Rxd4+ 36. Kc2 Rxd5 37. Bxd5 Nb4+ 38. Kb1 Nxd5 39. Rd1 N7b6 40. Bc1 Bb4 41. h4 a5 42. g4 Rh8 43. Rh1 Nf6 44. Be3 Ka6 45. Bd4 Nbd5 46. g5 Re8 47. gxf6 Re6 48. h5 gxh5 49. Rxh5 Re1+ 50. Kc2 Nf4 51. Rf5 Ne6 52. Bc3 Bc5 53. Rd2 Rf1 54. Rd7 Rf2+ 55. Kd1 b5 56. Rxf7 b4 57. Re7 Bxe7 58. fxe7 Nc7 59. Be5 Ne8 60. Rf7 a4 61. Rf8 a3 62. Rxe8 1-0


[Site "https://www.chess.com"]

[Event "Titled Tuesday Blitz March 21 Early 2023"]
[White "Makarian, Rudik"]
[Black "Moroni, Luca Jr"]
[WhiteFideId "44105681"]
[BlackFideId "865834"]
[WhiteElo "2436"]
[BlackElo "2569"]
[Result "1/2-1/2"]
[Round "09"]
[TimeControl "180+2"]
[Date "2023.03.21"]
[WhiteClock "0:00:08"]
[BlackClock "0:00:03"]

1. e4 g6 2. h4 Bg7 3. h5 gxh5 4. Qxh5 d6 5. Nc3 Nc6 6. Bc4 Ne5 7. Bb3 Nf6 8. Qh4 Ng6 9. Qg3 e6 10. d3 Bd7 11. Nf3 Qe7 12. Be3 a5 13. a4 O-O-O 14. O-O-O Rdg8 15. Kb1 h5 16. Bg5 Qe8 17. Bd2 Ng4 18. Nh4 Nxh4 19. Qxh4 Bf6 20. Qg3 b6 21. Qf3 Rg7 22. e5 Bc6 23. exf6 Bxf3 24. fxg7 Rg8 25. gxf3 Nxf2 26. Bh6 Nxd1 27. Rxd1 Qe7 28. Ne4 d5 29. Bg5 Qb4 30. Bd2 Qe7 31. Bg5 f6 32. Nxf6 Rxg7 33. f4 Qf7 34. Re1 Rg6 35. Nxh5 Rxg5 36. fxg5 Qxh5 37. Rxe6 Qxg5 38. Ka2 Kd7 39. Re2 c6 40. c3 Qg4 41. Rf2 Qg7 42. d4 Kd6 43. Re2 Qb7 44. Rg2 Qf7 45. Rh2 Qg6 46. Rh8 Qg7 47. Rd8+ Kc7 48. Re8 Qd7 49. Re5 Kb7 50. Ka3 Ka7 51. Ka2 Qb7 52. Re6 b5 53. axb5 Qxb5 54. Ka3 c5 55. Re7+ Kb8 56. Bxd5 Kc8 57. Be6+ Kd8 58. Rd7+ Ke8 59. Rc7 Qb6 60. Bd7+ Kd8 61. Rxc5 Kxd7 62. Ka2 Kd6 63. Rc4 Qb5 64. b3 Qa6 65. Kb2 Qb6 66. Ka2 Qb7 67. Kb2 Qg2+ 68. Ka3 Qf1 69. Ka2 Qe2+ 70. Ka3 Qd1 71. Ka4 Qa1+ 72. Kb5 Qa3 73. b4 a4 74. Rc6+ Kd5 75. Ra6 Qxc3 76. Kxa4 Qxd4 77. Kb5 Qc4+ 78. Ka5 Qa2+ 79. Kb6 Qf2+ 80. Kb5 Qd4 81. Rb6 Qc4+ 82. Ka5 Qa2+ 83. Kb5 Qe2+ 84. Ka5 Qf1 85. Rb5+ Kc6 86. Rc5+ Kb7 87. Ka4 Kb6 88. Kb3 Qd3+ 89. Ka4 Qb1 90. Ka3 Qa1+ 91. Kb3 Qd1+ 92. Ka3 Qd2 93. Ra5 Qc3+ 94. Ka4 Qb2 95. Rb5+ Kc6 96. Rc5+ Kd6 97. Kb5 Qa3 98. Kc4 Qc1+ 99. Kb5 Qf1+ 100. Ka4 Qa1+ 101. Kb5 Qa3 102. Kc4 Qa4 103. Kc3 Qa6 104. Kb3 Qa8 105. Kc4 Qe4+ 106. Kb5 Qd3+ 107. Ka5 Kd7 108. Ka4 Qd1+ 109. Kb5 Qb3 110. Ka5 Qa3+ 111. Kb5 Kd6 1/2-1/2


[Site "https://www.chess.com"]

[Event "Titled Tuesday Blitz March 21 Early 2023"]
[White "Hayrapetyan, Hovik"]
[Black "Indjic, Aleksandar"]
[WhiteFideId "13302639"]
[BlackFideId "911925"]
[WhiteElo "2348"]
[BlackElo "2614"]
[Result "1-0"]
[Round "09"]
[TimeControl "180+2"]
[Date "2023.03.21"]
[WhiteClock "0:00:05"]
[BlackClock "0:01:49"]

1. d4 Nf6 2. c4 e6 3. Nc3 Bb4 4. Nf3 Bxc3+ 5. bxc3 b6 6. g3 Bb7 7. Bg2 d6 8. O-O O-O 9. Re1 Nbd7 10. a4 a5 11. Ba3 c5 12. Rb1 Qc7 13. dxc5 bxc5 14. Rxb7 Qxb7 15. Nd4 Qb6 16. Bxa8 Rxa8 17. Nb5 d5 18. cxd5 exd5 19. c4 d4 20. e3 d3 21. Qxd3 Ne5 22. Qe2 Qc6 23. e4 Rd8 24. Bb2 Rd2 25. Bxe5 Rxe2 26. Rxe2 Nxe4 27. Bf4 h6 28. f3 Ng5 29. Bxg5 hxg5 30. Kf2 Qf6 31. Kg2 Kh7 32. Nc7 Qd4 33. Nd5 Qxc4 34. Rd2 Qxa4 35. g4 c4 36. Kg3 Qd7 37. Nf6+ gxf6 38. Rxd7 Kg6 39. Rc7 c3 40. Rc4 c2 41. Rxc2 1-0


[Site "https://www.chess.com"]

[Event "Titled Tuesday Blitz March 21 Early 2023"]
[White "Idani, Pouya"]
[Black "Navara, David"]
[WhiteFideId "12510130"]
[BlackFideId "309095"]
[WhiteElo "2574"]
[BlackElo "2675"]
[Result "0-1"]
[Round "09"]
[TimeControl "180+2"]
[Date "2023.03.21"]
[WhiteClock "0:00:03"]
[BlackClock "0:00:30"]

1. e4 c6 2. d4 d5 3. e5 c5 4. Nf3 cxd4 5. Nxd4 Nc6 6. Nxc6 bxc6 7. Bd3 e6 8. O-O Qc7 9. f4 Bc5+ 10. Kh1 Ne7 11. Nd2 a5 12. c4 Ba6 13. Qc2 h6 14. Nb3 Bb6 15. c5 Bxd3 16. Qxd3 Ba7 17. Be3 Nf5 18. Bf2 h5 19. Nd4 g6 20. b3 h4 21. Rfc1 Kd7 22. a3 Qb7 23. Rab1 h3 24. g3 Nxd4 25. Bxd4 Qb5 26. Qxb5 cxb5 27. b4 Kc6 28. Kg1 Rhb8 29. Kf1 Rb7 30. bxa5 Bb8 31. Bc3 Bc7 32. Bb4 Bxa5 33. Rb2 Bxb4 34. axb4 Ra3 35. Ke2 Rba7 36. Rcc2 R7a4 37. Rb1 Ra2 38. Rbb2 Ra1 39. Kf3 d4 40. Rd2 Kd5 41. Kg4 Rc1 42. Kxh3 Rc4 43. Kg4 Raxb4 44. Rxb4 Rxb4 45. Kg5 Ra4 46. Kf6 Ra7 47. g4 Kxc5 48. h4 b4 49. h5 gxh5 50. gxh5 b3 51. h6 Kc4 52. h7 Ra8 53. Kg7 Kc3 54. Rd1 b2 55. Kxf7 Kc2 56. Rg1 b1=Q 57. Rxb1 Kxb1 58. f5 d3 59. fxe6 d2 60. e7 d1=Q 61. e8=Q Qh5+ 62. Kg7 Rxe8 0-1


[Site "https://www.chess.com"]

[Event "Titled Tuesday Blitz March 21 Early 2023"]
[White "Bachmann, Axel"]
[Black "Postny, Evgeny"]
[WhiteFideId "3700488"]
[BlackFideId "2804344"]
[WhiteElo "2605"]
[BlackElo "2509"]
[Result "1-0"]
[Round "09"]
[TimeControl "180+2"]
[Date "2023.03.21"]
[WhiteClock "0:00:06"]
[BlackClock "0:00:01"]

1. e4 c5 2. Nf3 e6 3. g3 Nf6 4. Qe2 d5 5. exd5 Nxd5 6. Bg2 Nc6 7. O-O Be7 8. Rd1 Bf6 9. Nc3 O-O 10. Ne4 Be7 11. d4 cxd4 12. Nxd4 Nxd4 13. Rxd4 Qb6 14. Rd1 Re8 15. c4 Nf6 16. Be3 Qc7 17. Bf4 e5 18. Be3 Be6 19. b3 Rad8 20. Nxf6+ Bxf6 21. Be4 b6 22. Rxd8 Rxd8 23. Rd1 Rxd1+ 24. Qxd1 Qd8 25. Qc2 g6 26. c5 bxc5 27. Bxc5 Bh3 28. b4 Qc7 29. Qa4 Qd8 30. Qc2 Qd7 31. a4 Kg7 32. a5 h5 33. Qd3 Qa4 34. Bg2 Bf5 35. Qf1 e4 36. Bxa7 Qxb4 37. a6 Bd4 38. Bxd4+ Qxd4 39. h4 e3 40. fxe3 Qxe3+ 41. Qf2 Qc1+ 42. Kh2 Qc4 43. a7 Be4 44. Qf4 Qa4 45. Qe5+ Kh7 46. Qe7 Bxg2 47. Qxf7+ Kh6 48. Qf8+ Kh7 49. Qe7+ Kh6 50. Kxg2 Qa2+ 51. Kf3 Qd5+ 52. Ke3 Qb3+ 53. Kf4 Qc4+ 54. Ke5 Qb5+ 55. Kf6 Qb2+ 56. Kf7 Qb3+ 57. Kf8 Qf3+ 58. Kg8 Qb3+ 59. Kf8 Qf3+ 60. Qf7 Qa3+ 61. Kg8 Qa1 62. Qh7# 1-0


[Site "https://www.chess.com"]

[Event "Titled Tuesday Blitz March 21 Early 2023"]
[White "Drygalov, Sergey"]
[Black "Pakleza, Zbigniew"]
[WhiteFideId "24171743"]
[BlackFideId "1119290"]
[WhiteElo "2533"]
[BlackElo "2410"]
[Result "0-1"]
[Round "09"]
[TimeControl "180+2"]
[Date "2023.03.21"]
[WhiteClock "0:00:02"]
[BlackClock "0:00:03"]

1. d4 d6 2. e4 Nf6 3. Nc3 c6 4. f4 Qb6 5. a4 e5 6. Nf3 exd4 7. a5 Qc7 8. Nxd4 Be7 9. Bd3 O-O 10. O-O Nbd7 11. b4 Re8 12. Rb1 Bf8 13. Qf3 a6 14. Kh1 c5 15. bxc5 Nxc5 16. Bd2 Qxa5 17. e5 Nxd3 18. exf6 Nc5 19. f5 gxf6 20. Nd5 Qxd2 21. Nxf6+ Kh8 22. Qh5 Qh6 23. Qxf7 Qg7 24. Qxe8 Qxf6 25. Ne6 Bxe6 26. Qxa8 Bd5 27. Rbe1 Bc6 28. Qc8 Ne4 29. Rf4 d5 30. Qe6 Bg7 31. Qc8+ Qf8 32. Qxf8+ Bxf8 33. c4 dxc4 34. Rfxe4 Bxe4 35. Rxe4 b5 36. Re8 Kg7 37. Ra8 c3 38. Rxa6 Kg8 39. Kg1 b4 40. Kf1 c2 41. Rc6 b3 0-1


[Site "https://www.chess.com"]

[Event "Titled Tuesday Blitz March 21 Early 2023"]
[White "Yilmaz, Mustafa"]
[Black "Krysa, Leandro"]
[WhiteFideId "6302718"]
[BlackFideId "116807"]
[WhiteElo "2523"]
[BlackElo "2485"]
[Result "0-1"]
[Round "09"]
[TimeControl "180+2"]
[Date "2023.03.21"]
[WhiteClock "0:00:02"]
[BlackClock "0:00:52"]

1. d4 Nf6 2. c4 g6 3. Nc3 d5 4. cxd5 Nxd5 5. e4 Nxc3 6. bxc3 Bg7 7. Be3 c5 8. Nf3 Bg4 9. Rc1 Bxf3 10. gxf3 cxd4 11. cxd4 O-O 12. d5 Nd7 13. Be2 b6 14. O-O Nc5 15. Rc4 Qd6 16. f4 e6 17. Bf3 exd5 18. e5 Qe7 19. Qxd5 Rad8 20. Bxc5 bxc5 21. Qxc5 Qh4 22. Qxa7 Bxe5 23. Qa4 Bb8 24. Bg2 Rd2 25. h3 Rfd8 26. a3 Qe7 27. Qb3 Ba7 28. Rb4 Rxf2 29. Rb7 Rxg2+ 30. Kxg2 Qe2+ 31. Kg3 Rd3+ 32. Qxd3 Qxd3+ 33. Rf3 Qd1 34. h4 Qg1+ 35. Kh3 h5 36. Rbb3 Bf2 0-1


[Site "https://www.chess.com"]